Map: Pillars of Gold LE

Players

DnS

  • Race: Protoss Protoss
  • Spawn Location: 1:00

HellraiseR - Winner!

  • Race: Protoss Protoss
  • League: Master
  • Spawn Location: 7:00

Event: DreamHack SC2 Masters 2020 Fall

VOD

Have the link to the VOD?

Description

Time

  • Played on: Sept. 1, 2020, 1:38 p.m.
  • Length: 18:37

All games in this series

Show
View Real Time Build Order
Export as new Build Order

DnS Protoss 

Build Orders: 1 Gate Expand, Oracle Opening 

Get SALT Encoding   

  12  0:00  Probe  
  13  0:12  Probe  
  14  0:19  Pylon  
  14  0:25  Probe (Chrono Boost)  
  15  0:38  Probe (Chrono Boost)  
  15  0:39  Gateway  
  16  0:46  Probe (Chrono Boost)  
  16  0:48  Assimilator  
  17  0:52  Probe  
  18  1:04  Probe  
  19  1:16  Probe  
  20  1:26  Nexus  
  20  1:35  Cybernetics Core  
  20  1:39  Probe  
  21  1:45  Assimilator  
  21  1:51  Probe  
  22  1:57  Pylon  
  22  2:03  Probe  
  23  2:12  Stalker (Chrono Boost)  
  23  2:14  Warp Gate  
  26  2:22  Probe  
  26  2:33  Stalker (Chrono Boost)  
  28  2:43  Shield Battery  
  28  2:50  Stargate  
  28  2:51  Probe x2  
  30  2:59  Shield Battery  
  30  3:04  Probe x2  
  32  3:09  Stalker  
  34  3:23  Shield Battery  
  34  3:28  Probe x2  
  32  3:40  Probe (Chrono Boost)  
  34  3:42  Oracle  
  34  3:45  Probe (Chrono Boost)  
  36  3:52  Probe (Chrono Boost)  
  38  3:56  Probe (Chrono Boost)  
  38  3:58  Probe (Chrono Boost)  
  38  4:01  Probe (Chrono Boost)  
  35  4:07  Probe (Chrono Boost)  
  36  4:15  Adept  
  39  4:17  Probe x2 (Chrono Boost)  
  39  4:22  Probe (Chrono Boost)  
  39  4:24  Probe (Chrono Boost)  
  39  4:36  Probe (Chrono Boost)  
  41  4:40  Robotics Facility, Probe (Chrono Boost)  
  41  4:44  Probe (Chrono Boost)  
  42  4:47  Probe (Chrono Boost)  
  42  4:55  Pylon, Probe (Chrono Boost)  
  42  4:56  Sentry  
  42  4:58  Probe (Chrono Boost)  
  45  5:04  Probe (Chrono Boost)  
  46  5:13  Probe  
  47  5:14  Pylon, Probe  
  47  5:18  Forge, Twilight Council  
  47  5:19  Sentry  
  50  5:25  Probe  
  50  5:26  Probe  
  50  5:31  Observer  
  50  5:35  Gateway  
  51  5:38  Probe x2  
  51  5:40  Pylon  
  53  5:50  Probe  
  53  5:51  Probe  
  53  5:52  Assimilator  
  53  5:55  Pylon  
  53  5:56  Protoss Ground Weapons Level 1  
  55  5:57  Blink (Chrono Boost)  
  55  6:04  Gateway  
  55  6:07  Gateway  
  55  6:16  Immortal (Chrono Boost)  
  55  6:20  Probe x2  
  61  6:32  Nexus  
  61  6:35  Stalker  
  61  6:38  Stalker  
  65  6:45  Pylon  
  65  6:50  Immortal (Chrono Boost)  
  69  7:05  Stalker x3  
  69  7:06  Observer  
  75  7:10  Stalker  
  75  7:13  Probe x2  
  77  7:21  Immortal (Chrono Boost)  
  77  7:25  Shield Battery  
  77  7:27  Probe  
  82  7:31  Probe  
  82  7:33  Pylon  
  83  7:39  Charge (Chrono Boost), Probe  
  83  7:40  Stalker  
  83  7:42  Pylon  
  86  7:56  Stalker, Probe  
  86  7:57  Stalker x2  
  93  8:03  Probe x2  
  95  8:14  Probe  
  95  8:15  Probe  
  95  8:16  Assimilator  
  95  8:19  Robotics Bay  
  98  8:22  Assimilator x2  
  98  8:26  Stalker x4  
  105  8:31  Shield Battery  
  105  8:32  Shield Battery  
  104  8:41  Probe  
  104  8:42  Probe  
  104  8:48  Protoss Ground Weapons Level 2 (Chrono Boost)  
  106  8:50  Stalker x2  
  106  8:53  Shield Battery, Pylon  
  106  8:54  Pylon  
  109  9:11  Probe x3  
  112  9:17  Stalker x4  
  112  9:23  Probe  
  121  9:24  Photon Cannon  
  119  9:33  Probe x2  
  119  9:35  Gateway  
  119  9:37  Gateway  
  120  9:41  Stalker x2  
  120  9:45  Pylon  
  124  9:46  Pylon  
  124  9:52  Robotics Bay  
  124  10:02  Assimilator  
  124  10:06  Stalker  
  126  10:07  Stalker  
  126  10:09  Probe x3  
  126  10:12  Robotics Facility  
  131  10:16  Observer (Chrono Boost), Photon Cannon  
  130  10:22  Probe x2  
  130  10:25  Photon Cannon  
  132  10:31  Stalker x4  
  130  10:44  Disruptor, Stalker x2  
  129  10:53  Probe x3  
  128  10:58  Photon Cannon  
  128  11:01  Disruptor (Chrono Boost)  
  131  11:09  Nexus  
  131  11:14  Protoss Ground Weapons Level 3 (Chrono Boost)  
  131  11:17  Pylon  
  131  11:26  Probe x3  
  137  11:34  Disruptor (Chrono Boost)  
  137  11:36  Disruptor (Chrono Boost), Photon Cannon  
  137  11:37  Photon Cannon  
  137  11:39  Sentry  
  142  11:44  Photon Cannon  
  142  11:47  Shield Battery, Photon Cannon  
  142  11:57  Stalker  
  142  12:01  Pylon  
  144  12:02  Pylon  
  144  12:03  Disruptor  
  147  12:09  Probe x2  
  149  12:19  Probe  
  150  12:25  Disruptor (Chrono Boost)  
  153  12:31  Zealot x4  
  153  12:34  Templar Archives  
  153  12:36  Assimilator x2  
  164  12:46  Disruptor (Chrono Boost)  
  164  12:50  Pylon  
  164  12:54  Gateway  
  164  12:55  Gateway  
  164  13:00  Observer (Chrono Boost)  
  164  13:02  Gravitic Boosters  
  165  13:06  Zealot  
  165  13:11  High Templar x4  
  175  13:13  Zealot  
  175  13:16  Archon  
  175  13:17  Archon  
  168  13:29  Zealot  
  153  13:34  Disruptor x2  
  158  13:41  Nexus  
  158  13:47  High Templar x4  
  166  13:50  Pylon  
  166  13:51  Archon x2  
  166  13:52  Pylon  
  166  13:53  Pylon  
  166  13:54  Probe x3  
  169  13:57  Pylon  
  169  13:59  Photon Cannon, Pylon  
  169  14:00  Pylon  
  169  14:01  Protoss Shields Level 1 (Chrono Boost)  
  169  14:02  Photon Cannon  
  169  14:03  Photon Cannon  
  169  14:06  Probe  
  169  14:09  Photon Cannon  
  170  14:13  Pylon  
  170  14:18  High Templar x2  
  170  14:22  Archon  
  174  14:28  High Templar x2  
  174  14:29  Warp Prism (Chrono Boost), Stalker  
  180  14:33  Archon  
  182  14:41  Gateway  
  182  14:44  Gateway  
  179  14:50  Probe x2  
  179  14:51  Probe  
  182  14:59  High Templar x2  
  186  15:00  Stalker x4  
  186  15:03  Archon, Probe  
  186  15:05  Observer  
  196  15:09  Zealot  
  196  15:10  Zealot  
  198  15:31  Stalker  
  197  15:45  Zealot  
  197  15:46  Zealot  
  148  15:57  Zealot x3  
  148  15:58  Zealot x4  
  148  15:59  Observer  
  117  16:23  Stalker x4  
  117  16:24  Stalker x4  
  133  16:35  Warp Prism (Chrono Boost)  
  135  16:41  Nexus  
  135  16:47  High Templar x6  
  137  16:48  Stalker x2  
  137  16:51  Archon x2  
  137  16:52  Archon  
  151  16:55  Observer (Chrono Boost)  
  151  16:59  Pylon  
  105  17:27  Zealot x3  
  105  17:28  Zealot x5  
  123  17:30  Observer x2  
  119  17:48  High Templar x2  
  119  17:49  Zealot x3, High Templar x2  
  133  17:52  Archon x2  
  116  18:09  Observer x2  
  88  18:23  Stalker x3  
  88  18:24  Zealot x4  
Show
View Real Time Build Order
Export as new Build Order

HellraiseR Protoss - Winner!

Build Orders: Oracle Opening 

Get SALT Encoding   

  12  0:00  Probe  
  13  0:12  Probe  
  14  0:18  Pylon  
  14  0:24  Probe (Chrono Boost)  
  15  0:37  Probe (Chrono Boost)  
  15  0:39  Gateway  
  16  0:44  Probe (Chrono Boost)  
  16  0:47  Assimilator  
  17  0:51  Probe  
  17  0:56  Assimilator  
  18  1:03  Probe (Chrono Boost)  
  19  1:12  Gateway  
  19  1:14  Probe (Chrono Boost)  
  20  1:19  Probe  
  21  1:27  Cybernetics Core  
  21  1:32  Probe  
  22  1:42  Pylon  
  22  1:45  Probe  
  24  2:03  Adept x2  
  24  2:07  Stargate  
  27  2:10  Warp Gate  
  27  2:14  Probe  
  28  2:20  Pylon  
  28  2:26  Probe  
  29  2:47  Oracle (Chrono Boost)  
  31  3:02  Nexus  
  31  3:04  Probe  
  30  3:14  Oracle (Chrono Boost)  
  30  3:17  Probe  
  34  3:23  Pylon  
  34  3:29  Probe  
  35  3:42  Probe  
  35  3:44  Twilight Council  
  36  3:54  Probe  
  34  4:03  Stalker  
  34  4:04  Stalker  
  34  4:06  Probe (Chrono Boost)  
  39  4:14  Probe (Chrono Boost)  
  40  4:18  Probe (Chrono Boost)  
  40  4:21  Blink  
  40  4:24  Probe (Chrono Boost)  
  42  4:25  Probe (Chrono Boost)  
  42  4:29  Stalker, Probe (Chrono Boost)  
  46  4:32  Probe  
  47  4:39  Stalker  
  47  4:41  Probe  
  47  4:44  Probe  
  49  4:53  Probe  
  49  4:56  Probe  
  49  4:58  Forge  
  49  4:59  Stalker  
  53  5:03  Stalker  
  53  5:05  Probe  
  56  5:08  Probe  
  57  5:16  Pylon  
  57  5:17  Probe  
  57  5:20  Probe  
  59  5:23  Protoss Ground Weapons Level 1 (Chrono Boost)  
  56  5:29  Probe  
  56  5:30  Nexus  
  57  5:38  Stalker  
  57  5:40  Stalker  
  61  5:48  Photon Cannon  
  61  5:53  Photon Cannon  
  61  5:54  Probe  
  61  5:55  Assimilator  
  62  6:01  Stalker  
  64  6:04  Stalker  
  66  6:14  Gateway  
  66  6:17  Gateway  
  66  6:19  Charge (Chrono Boost)  
  66  6:23  Gateway  
  66  6:27  Gateway, Probe  
  66  6:29  Probe  
  68  6:38  Pylon  
  68  6:39  Probe  
  69  6:41  Probe  
  69  6:43  Robotics Facility  
  71  6:48  Stalker x2  
  71  6:52  Probe  
  74  7:02  Shield Battery  
  74  7:04  Protoss Ground Weapons Level 2 (Chrono Boost), Gateway  
  74  7:05  Probe  
  74  7:06  Probe  
  74  7:07  Gateway  
  75  7:11  Probe  
  75  7:15  Sentry  
  78  7:16  Sentry  
  78  7:18  Zealot  
  78  7:20  Zealot  
  78  7:22  Probe  
  85  7:23  Probe  
  86  7:31  Observer (Chrono Boost)  
  86  7:34  Pylon  
  86  7:36  Zealot, Pylon  
  86  7:37  Zealot  
  91  7:43  Photon Cannon  
  91  7:56  Zealot x5  
  97  8:04  Stalker x3  
  103  8:09  Warp Prism (Chrono Boost)  
  105  8:19  Pylon  
  105  8:24  Probe  
  105  8:25  Probe  
  101  8:38  Zealot x8  
  107  8:46  Pylon  
  107  8:48  Pylon  
  107  8:53  Dark Shrine  
  107  9:01  Stalker x5  
  117  9:05  Protoss Ground Weapons Level 3 (Chrono Boost)  
  117  9:06  Zealot, Pylon  
  115  9:30  Probe  
  116  9:33  Probe  
  116  9:36  Nexus  
  116  9:37  Assimilator  
  117  9:38  Immortal (Chrono Boost)  
  117  9:44  Pylon  
  119  9:49  Assimilator  
  119  9:54  Probe  
  119  9:58  Stalker x6  
  132  10:12  Immortal (Chrono Boost)  
  136  10:33  Zealot x3, Dark Templar x3  
  136  10:34  Zealot  
  146  10:41  Warp Prism (Chrono Boost)  
  136  10:52  Probe x3  
  136  10:53  Probe  
  130  11:04  Phoenix (Chrono Boost), Probe  
  130  11:08  Stargate, Stalker x2  
  130  11:09  Probe, Stalker x3  
  142  11:13  Probe x2  
  142  11:16  Probe  
  145  11:20  Phoenix (Chrono Boost)  
  145  11:21  Probe  
  145  11:23  Photon Cannon  
  145  11:25  Probe  
  149  11:37  Immortal  
  149  11:38  Phoenix (Chrono Boost)  
  155  11:46  Probe  
  156  11:47  Assimilator  
  156  11:50  Phoenix (Chrono Boost)  
  156  11:52  Assimilator  
  158  11:55  Pylon  
  158  11:56  Assimilator  
  158  11:57  Phoenix (Chrono Boost), Probe  
  158  11:58  Pylon, Probe  
  164  12:13  Phoenix x2 (Chrono Boost), Protoss Shields Level 1 (Chrono Boost)  
  166  12:17  Pylon  
  166  12:18  Pylon  
  166  12:26  Zealot  
  166  12:27  Zealot x4  
  166  12:29  Phoenix  
  176  12:31  Phoenix  
  180  12:47  Fleet Beacon  
  180  12:49  Photon Cannon  
  180  12:51  Shield Battery, Protoss Air Weapons Level 1  
  180  12:58  Phoenix  
  180  12:59  Phoenix  
  180  13:02  Stargate  
  184  13:12  Zealot x2  
  184  13:13  Zealot x4  
  184  13:31  Immortal (Chrono Boost)  
  178  13:37  Zealot x8  
  194  13:46  Pylon  
  194  13:48  Pylon  
  194  13:51  Anion Pulse-Crystals (Chrono Boost)  
  194  14:00  Gateway  
  194  14:04  Phoenix  
  194  14:07  Gateway  
  194  14:09  Dark Templar, Observer (Chrono Boost)  
  199  14:15  Protoss Shields Level 2 (Chrono Boost)  
  197  14:17  Dark Templar  
  197  14:22  Observer  
  200  14:28  Gateway  
  200  14:31  Gateway  
  200  14:37  Nexus  
  200  14:38  Pylon  
  200  14:53  Pylon  
  200  14:54  Shadow Stride (Chrono Boost)  
  198  15:33  Observer (Chrono Boost)  
  196  15:38  Dark Templar x6  
  196  15:40  Phoenix x2  
  186  15:56  Stalker x6  
  142  15:59  Immortal (Chrono Boost)  
  142  16:03  Probe x2  
  136  16:05  Phoenix x2 (Chrono Boost)  
  130  16:22  Zealot x6, Stalker x6  
  130  16:23  Phoenix (Chrono Boost)  
  154  16:27  Phoenix (Chrono Boost)  
  154  16:32  Probe x3  
  157  16:33  Probe  
  157  16:34  Photon Cannon  
  157  16:37  Immortal (Chrono Boost)  
  157  16:39  Phoenix (Chrono Boost)  
  162  16:44  Probe  
  162  16:45  Probe  
  168  16:48  Dark Templar x6  
  168  16:52  Phoenix (Chrono Boost)  
  180  16:58  Phoenix (Chrono Boost)  
  182  17:06  Pylon  
  182  17:10  Phoenix  
  182  17:13  Pylon  
  136  17:25  Stalker x7  
  136  17:26  Stalker x3  
  154  17:32  Archon  
  154  17:37  Observer (Chrono Boost)  
  154  17:43  Zealot x2  
  158  17:50  Zealot x10  
  178  17:54  Observer (Chrono Boost)  
  169  18:06  Dark Templar, Stalker  
  157  18:16  Stalker x9  
  164  18:33  Assimilator  
  162  18:34  Assimilator  
  162  18:35  Pylon  

Tags
 
Add a new tag
Caveats
  • Supply blocks, unpowered buildings, or Contaminate may cause inaccurate times.
  • Supply counts are checked every 10 seconds.